 Dungeon Crawl Stone Soup version 0.30-a0-40-gc6d0f036a7 (webtiles) character file.

Game seed: 11878852371967410281

19625 ytrimaz the Martial Artist (level 12, -3/104 HPs)
             Began as an Octopode Transmuter on Aug 29, 2022.
             Was a Believer of Ashenzari.
             Slain by a seven-headed hydra (9 damage)
             ... on level 12 of the Dungeon.
             The game lasted 00:20:32 (20514 turns).

ytrimaz the Martial Artist (Octopode Transmuter)   Turns: 20514, Time: 00:20:33

Health: -3/104     AC:  9    Str: 10    XL:     12   Next: 71%
Magic:  26/27      EV: 17    Int: 19    God:    Ashenzari [**....]
Gold:   747        SH:  0    Dex: 13    Spells: 23/33 levels left

rFire   . . .      SeeInvis +      - Unarmed
rCold   + + +      Faith    .    (shield currently unavailable)
rNeg    . . .      Spirit   .    (helmet currently unavailable)
rPois   +          Reflect  .    v - amulet of the acrobat
rElec   .          Harm     .    c - ring of poison resistance
rCorr   +          Rampage  .    d - ring "Enigmatic Visionary" {rF+, Comp, Self} (curse)
Will    +....                    e - ring of Supernal Gnosis {Wiz rC++, Alch, Cun} (curse)
Stlth   +.........               j - ring "Share My Suspicion" {Will+, Bglg, Evo} (curse)
HPRegen 0.27/turn                n - ring of the Wild Blue Yonder {EV+4, Self, Elem} (curse)
MPRegen 0.20/turn                t - ring of the Bound Restlessness {rCorr, Comp, Melee} (curse)
                                 (no ring)
                                 (no ring)

@: ice-form
A: freezing attack, boosted hp, almost no armour, amphibious, 8 rings, large,
(camouflage 1), (gelatinous body 1), (nimble swimmer 1), (tentacles)
a: End Transformation, Renounce Religion, Shatter the Chains


You were on level 12 of the Dungeon.
You worshipped Ashenzari.
Ashenzari was pleased with you.
You were a creature of crystalline ice.
You visited 2 branches of the dungeon, and saw 13 of its levels.
You also visited: Ossuary.

You collected 1510 gold pieces.
You spent 763 gold pieces at shops.

Inventory:

Missiles
 s - a throwing net
Jewellery
 c - a ring of poison resistance (left front paw)
 d - the cursed ring "Enigmatic Visionary" (right front paw) {rF+, Comp, Self}
   (You found it on level 1 of the Dungeon)

   [ring of protection from fire]

   rF:        It protects you from fire.
   It has a curse which improves the following skills: Companions: Summonings
   and Necromancy.
   Introspection: Fighting and Spellcasting.
 e - the cursed ring of Supernal Gnosis (on tentacle) {Wiz rC++, Alch, Cun}
   (You bought it in a shop on level 1 of the Dungeon)

   [ring of wizardry]

   It improves your spell success rate.
   rC:        It greatly protects you from cold.
   It has a curse which improves the following skills: Alchemy: Poison Magic and
   Transmutations.
   Cunning:   Dodging and Stealth.
 j - the cursed ring "Share My Suspicion" (on tentacle) {Will+, Bglg, Evo}
   (You found it on level 3 of the Dungeon)

   [ring of willpower]

   Will:      It increases your willpower.
   It has a curse which improves the following skills: Beguiling: Conjurations,
   Hexes and Translocations.
   Evocations: Evocations.
 n - the cursed ring of the Wild Blue Yonder (on tentacle) {EV+4, Self, Elem}
   (You found it on level 4 of the Dungeon)

   [ring of evasion]

   EV:        It affects your evasion (+4).
   It has a curse which improves the following skills: Introspection: Fighting
   and Spellcasting.
   Elements:  Fire Magic, Ice Magic, Air Magic and Earth Magic.
 t - the cursed ring of the Bound Restlessness (on tentacle) {rCorr, Comp, Melee}
   (You took it off a centaur on level 10 of the Dungeon)

   [ring of resist corrosion]

   rCorr:     It protects you from acid and corrosion.
   It has a curse which improves the following skills: Companions: Summonings
   and Necromancy.
   Melee Combat: Short Blades, Long Blades, Axes, Maces & Flails, Polearms,
   Staves and Unarmed Combat.
 v - an amulet of the acrobat (around neck)
Wands
 g - a wand of charming (9)
 p - a wand of iceblast (34)
 q - a wand of digging (2)
 y - a wand of mindburst (14)
Scrolls
 h - a scroll of magic mapping
 k - a scroll of silence
 r - a scroll of amnesia
 w - a scroll of brand weapon
 A - a scroll of enchant weapon
 B - 2 scrolls of enchant armour
Potions
 a - a potion of lignification
 b - 3 potions of resistance
 f - a potion of ambrosia
 i - 3 potions of flight
 l - 6 potions of curing
 m - 4 potions of mutation
 o - a potion of magic
 u - a potion of cancellation


   Skills:
 - Level 8.0(9.9) Fighting
 + Level 8.5(9.8) Dodging
 + Level 10.7(11.9) Unarmed Combat
 - Level 9.1(11.0) Spellcasting
 - Level 9.2(10.4) Transmutations
 - Level 4.0(5.1) Ice Magic
 - Level 4.0(5.1) Poison Magic


You had 23 spell levels left.
You knew the following spells:

 Your Spells              Type           Power      Damage    Failure   Level
a - Beastly Appendage     Tmut           100%       N/A       1%          1
b - Wereblood             Tmut           50%        N/A       1%          2
c - Spider Form           Tmut/Pois      40%        N/A       1%          3
d - Ice Form              Ice/Tmut       40%        N/A       1%          4

Your spell library contained the following spells:

 Spells                   Type           Power      Damage    Failure   Level
 Slow                     Hex            44%        N/A       2%          1
 Confusing Touch          Hex            11%        N/A       8%          3
 Dazzling Flash           Conj/Hex       22%        N/A       8%          3
 Inner Flame              Hex/Fire       11%        N/A       8%          3
 Tukima's Dance           Hex            11%        N/A       8%          3
 Vampiric Draining        Necr           11%        2d6       8%          3
 Yara's Violent Unravell  Hex/Tmut       15%        3d8       9%          5
 Eringya's Noxious Bog    Tmut/Pois      20%        N/A       16%         6
 Animate Dead             Necr           11%        N/A       24%         4
 Cause Fear               Hex            5%         N/A       26%         4
 Iskenderun's Mystic Bla  Conj/Tloc      11%        2d4       26%         4
 Passage of Golubria      Tloc           11%        N/A       26%         4
 Agony                    Necr           11%        N/A       52%         5
 Borgnjor's Vile Clutch   Necr/Erth      5%         N/A       52%         5
 Summon Forest            Summ/Tloc      5%         N/A       52%         5
 Silence                  Hex/Air        5%         N/A       54%         5
 Death Channel            Necr           5%         N/A       97%         6
 Starburst                Conj/Fire      5%         6d4       98%         6
 Summon Hydra             Summ           5%         N/A       100%        7
 Discord                  Hex            5%         N/A       100%        8


Dungeon Overview and Level Annotations

Branches:
Dungeon (12/15)            Temple (1/1) D:4            Lair (0/5) D:11
    Orc (0/2) D:12        Ossuary (visited)

Altars:
Ashenzari
Cheibriados
Dithmenos
Elyvilon
Fedhas
Gozag
Hepliaklqana
Kikubaaqudgha
Makhleb
Nemelex Xobeh
Okawaru
Qazlal
Ru
Sif Muna
Trog
Uskayaw
Vehumet
Wu Jian
Xom
Yredelemnul
Zin
The Shining One

Shops:
D:1 =   D:10 =

Annotations:
D:3 2 runed translucent doors, Jeffwins's ghost, amateur HuWn


Innate Abilities, Weirdness & Mutations

You are a creature of crystalline ice.
You have a powerful freezing melee attack.
Your maximum health is increased.
Your armour is entirely melded.
You are incapable of wielding weapons or throwing items.
You cannot wear most types of armour.
You are amphibious.
You can wear up to eight rings at the same time.
((Your skin changes colour to match your surroundings (Stealth+).))
((Your rubbery body absorbs attacks. (AC +1, EV +1)))
((You are camouflaged when in or above water. (Stealth+)))
((You have tentacles for arms and can constrict up to eight enemies at once.))


Message History

The troll attacks as you move away! The troll completely misses you.
The troll claws you but does no damage. The troll closely misses you.
The seven-headed hydra attacks as you move away!
The seven-headed hydra completely misses you. x3
The seven-headed hydra bites you.
* * * LOW HITPOINT WARNING * * *
The seven-headed hydra misses you.
The seven-headed hydra completely misses you. x2
The troll attacks as you move away! The troll closely misses you.
The troll completely misses you. The troll closely misses you.
An orc comes into view. It is wielding a +0 short sword.
The orc shouts!
You hear a shout!
The troll completely misses you. The troll barely misses you. x2
You see here a +0 scale mail.
The troll attacks as you move away! The troll misses you.
The troll closely misses you. The troll misses you.
The seven-headed hydra attacks as you move away!
The seven-headed hydra bites you.
* * * LOW HITPOINT WARNING * * *
The seven-headed hydra bites you but does no damage.
The seven-headed hydra misses you.
The seven-headed hydra completely misses you. x2
The seven-headed hydra misses you. x2
Okay, then.
The seven-headed hydra attacks as you move away!
The seven-headed hydra bites you.
* * * LOW HITPOINT WARNING * * *
The seven-headed hydra completely misses you. x3
The seven-headed hydra closely misses you. x2
The seven-headed hydra completely misses you.
The troll closely misses you. The troll claws you but does no damage.
The troll completely misses you.
There is an escape hatch in the ceiling here.
Unknown command.
Unknown command.
You feel better. The troll bites you.
* * * LOW HITPOINT WARNING * * *
The troll barely misses you. The troll misses you.
The seven-headed hydra bites you!
You die...

, .#....###...# *
,.......###..# #. #.........###
~ ##.* ##o.........## ≈
..*###...........#
..###.##...[.....#...##
.......##..[.#..##....#
*,!......*#..#TD..##...##
#......##..#.Y.##....####
#...............#[....#.##### ,
.....................^#..##.##
,..........##...#..............
........#.###..###.#.......#..
........###*#...#..#.#.....#..
.........* ,.................#
#........ ...#..........###.
#........,, ##.#..........#


You could see a seven-headed hydra, a troll and an orc.

Vanquished Creatures
  Fannar (D:11)
  A hydra (D:10)
  A boulder beetle (D:11)
  2 two-headed ogres
  Amaemon (D:10)
  3 oklob plants (D:11)
  A cyclops (D:11)
  2 ugly things (D:11)
  An orange demon (D:10)
  Joseph (D:8)
  Maggie (D:8)
  A komodo dragon (D:11)
  A hornet (D:8)
  6 trolls
  Sigmund (D:5)
  2 shadows
  4 wyverns
  4 wraiths
  27 yaks
  Grum (D:8)
  3 vampire mosquitoes (D:10)
  Edmund (D:6)
  2 steam dragons (D:9)
  An acid dragon (D:11)
  3 water moccasins
  An orc warrior (D:8)
  A black bear (D:6)
  3 ogres
  3 wolves (D:7)
  7 centaurs
  3 phantoms
  2 kobold brigands
  5 bullfrogs
  3 elf zombies (Ossuary)
  3 scorpions
  2 gnoll sergeants (D:9)
  A wight (D:9)
  3 killer bees (D:9)
  3 howler monkeys
  An electric eel (D:11)
  2 hounds (D:5)
  A human zombie (Ossuary)
  3 orc priests
  A gnoll bouda (D:8)
  2 jellies (D:6)
  Jessica (D:3)
  Ijyb (D:5)
  2 iguanas
  12 orc wizards
  A hound zombie (Ossuary)
  3 mummies (Ossuary)
  9 gnolls
  7 adders
  A white imp (D:6)
  5 adder zombies (Ossuary)
  A worm (D:3)
  7 dart slugs
  30 orcs
  5 endoplasms
  3 gnoll zombies (Ossuary)
  7 goblins
  11 hobgoblins
  15 kobolds
  5 quokkas
  5 ball pythons
  7 bats
  6 frilled lizards
  9 hobgoblin zombies (Ossuary)
  A jackal zombie (Ossuary)
  5 kobold zombies (Ossuary)
  2 orc zombies (Ossuary)
  2 quokka zombies (Ossuary)
  6 rats
  5 rat zombies (Ossuary)
296 creatures vanquished.

Vanquished Creatures (collateral kills)
  A two-headed ogre (D:8)
  A gnoll (D:8)
2 creatures vanquished.

Vanquished Creatures (others)
  An orc wizard (D:8)
  19 plants
20 creatures vanquished.

Grand Total: 318 creatures vanquished

Notes
Turn   | Place    | Note
-------+----------+-------------------------------------------
     0 | D:1      | ytrimaz the Octopode Transmuter began the quest for the
                  | Orb.
     0 | D:1      | Reached XP level 1. HP: 13/13 MP: 3/3
   293 | D:1      | Reached XP level 2. HP: 10/19 MP: 3/5
   867 | D:1      | Reached XP level 3. HP: 20/26 MP: 4/6
   870 | D:1      | Learned a level 2 spell: Wereblood
   874 | D:1      | Learned a level 3 spell: Spider Form
   979 | D:1      | Found Xuph's One-of-a-Kind Rings.
  1443 | D:1      | Found a faded altar of an unknown god.
  1932 | D:2      | Reached skill level 1 in Poison Magic
  1932 | D:2      | Reached XP level 4. HP: 19/31 MP: 3/7
  2179 | D:2      | Identified a scroll of acquirement
  2179 | D:2      | Acquired 843 gold pieces
  2288 | D:1      | Bought the ring of Mezuucel {Wiz rC++} for 763 gold pieces
  2621 | D:2      | Identified the +3 falchion of Instant Death {vorpal, rC-
                  | Int+6 SInv}
  2783 | D:3      | Noticed Jessica
  2794 | D:3      | Killed Jessica
  2795 | D:3      | Reached XP level 5. HP: 36/36 MP: 5/8
  3110 | D:3      | Identified the +1 cloak "Kykhleo" {Will++ Int+8}
  3929 | D:3      | Found a large runed translucent door.
  3929 | D:3      | Found a large runed translucent door.
  3932 | D:3      | Noticed Jeffwins's ghost (amateur HuWn)
  4087 | D:4      | Noticed a phantom
  4114 | D:4      | Killed a phantom
  4115 | D:4      | Reached XP level 6. HP: 12/43 MP: 5/10
  4721 | D:4      | Learned a level 4 spell: Ice Form
  4734 | D:4      | Found a staircase to the Ecumenical Temple.
  4748 | Temple   | Entered the Ecumenical Temple
  4905 | Temple   | Became a worshipper of Ashenzari the Shackled
  5316 | D:4      | Reached skill level 1 in Ice Magic
  5316 | D:4      | Reached XP level 7. HP: 48/48 MP: 8/12
  5390 | D:4      | Found a shimmering blue altar of Sif Muna.
  5731 | D:5      | Entered Level 5 of the Dungeon
  5858 | D:5      | Noticed Sigmund
  5871 | D:5      | Killed Sigmund
  5872 | D:5      | Reached XP level 8. HP: 52/54 MP: 10/13
  6302 | D:5      | Noticed Ijyb
  6320 | D:5      | Killed Ijyb
  6321 | D:5      | Reached skill level 5 in Fighting
  7059 | D:6      | Found a radiant altar of Vehumet.
  7116 | D:6      | Reached skill level 5 in Transmutations
  7173 | D:6      | Found a hazy altar of Hepliaklqana.
  7235 | D:6      | Found a white marble altar of Elyvilon.
  7376 | D:6      | Reached skill level 5 in Spellcasting
  7482 | D:6      | Noticed Edmund
  7493 | D:6      | Killed Edmund
  7494 | D:6      | Reached XP level 9. HP: 50/62 MP: 12/16
  8403 | D:7      | Noticed a two-headed ogre
  8429 | D:7      | Killed a two-headed ogre
  9531 | D:8      | Found a shadowy altar of Dithmenos.
  9570 | D:8      | Noticed a hornet
  9685 | D:8      | Noticed Joseph
  9716 | D:8      | Killed Joseph
  9899 | D:8      | Reached XP level 10. HP: 26/72 MP: 17/20
 10041 | D:8      | Noticed a two-headed ogre
 10051 | D:8      | Killed a two-headed ogre
 10065 | D:8      | Found a sand-covered staircase.
 10070 | Ossuary  | Entered an ossuary
 10917 | D:8      | Reached * piety under Ashenzari
 10922 | D:8      | Noticed Maggie
 10947 | D:8      | Killed Maggie
 11172 | D:8      | Noticed Grum
 11570 | D:8      | Killed Grum
 11937 | D:8      | Found a stormy altar of Qazlal.
 12140 | D:8      | Found an ornate altar of the Wu Jian Council.
 12215 | D:9      | Reached skill level 4 in Unarmed Combat
 12378 | D:9      | Found a shimmering altar of Xom.
 12433 | D:8      | Reached XP level 11. HP: 16/77 MP: 19/23
 13833 | D:9      | Reached skill level 5 in Unarmed Combat
 14190 | D:9      | Found a snail-covered altar of Cheibriados.
 14520 | D:9      | Reached skill level 6 in Unarmed Combat
 14805 | D:9      | Reached ** piety under Ashenzari
 15110 | D:10     | Entered Level 10 of the Dungeon
 15146 | D:10     | Reached skill level 7 in Unarmed Combat
 15367 | D:10     | Noticed a seven-headed hydra
 15399 | D:10     | Killed a seven-headed hydra
 15505 | D:10     | Found a blossoming altar of Fedhas.
 15505 | D:10     | Noticed a two-headed ogre
 15541 | D:10     | Killed a two-headed ogre
 15833 | D:10     | Reached skill level 8 in Unarmed Combat
 16119 | D:10     | Found Xuoxtuam's Jewellery Shoppe.
 16296 | D:10     | Reached skill level 5 in Dodging
 16558 | D:11     | Noticed Fannar
 16559 | D:11     | Noticed a cyan ugly thing
 16906 | D:11     | Noticed an oklob plant
 16911 | D:11     | Found a staircase to the Lair.
 16911 | D:11     | Noticed an oklob plant
 16913 | D:11     | Noticed an oklob plant
 16974 | D:11     | Killed an oklob plant
 17193 | D:11     | Noticed Amaemon
 17199 | D:11     | Killed an oklob plant
 17200 | D:11     | Reached XP level 12. HP: 53/87 MP: 25/27
 17668 | D:10     | Reached skill level 9 in Unarmed Combat
 17844 | D:10     | Killed Amaemon
 18424 | D:11     | Noticed a boulder beetle
 18445 | D:11     | Killed a boulder beetle
 19077 | D:11     | Reached skill level 10 in Unarmed Combat
 19756 | D:11     | Killed Fannar
 19816 | D:11     | Identified the +5 great sword of the Crypt {venom, rF+
                  | Str+2}
 20326 | D:12     | Found a staircase to the Orcish Mines.
 20495 | D:12     | Noticed a seven-headed hydra
 20512 | D:12     | HP: 3/104 [seven-headed hydra (6)]
 20514 | D:12     | Slain by a seven-headed hydra

Illustrated notes

Levels and vault maps discovered:
D:1:      heliophobic_arrival_battle_scene, layout_loops_corners, serial_bayou,
          serial_bayou_pond_d, serial_bayou_shore_b, serial_bayou_pond_e,
          serial_bayou_pond_c, basic_ecumenical_altar, st_stairs_2,
          amcnicky_mini_corridor_feature, nicolae_shop_unique_rings,
          roderic_malta_cross
D:2:      minmay_chambers_of_ones, layout_rooms
D:3:      layout_basic, ebering_ghost_disaster_area,
          minmay_misc_feat_secret_circle, minmay_pentomino_pile, uniq_jessica
D:4:      layout_basic, mainiacjoe_overflow_concentric_impassable,
          minmay_temple_entry_ruins
D:5:      layout_gridville, uniq_ijyb, uniq_sigmund
D:6:      layout_gridville, nicolae_hepliaklqana_hazy_memory,
          mainiacjoe_overflow_catwalk_spiral, uniq_edmund
D:7:      layout_basic
D:8:      layout_basic, pdpol_wu_jian_five_deadly_venoms,
          grunt_dithmenos_shadows, mainiacjoe_overflow_alcove_1,
          enter_ossuary_5, minmay_misc_feat_hallway,
          minmay_misc_feat_four_crosses, hangedman_decor_diamond_cutter,
          uniq_maggie, uniq_grum, uniq_joseph
D:9:      layout_cave_pods, xom_confusion_cloud, mainiacjoe_overflow_boulevard,
          chequers_serial_rivers_micro_b, kennysheep_generic_room_3
D:10:     layout_roguey, kennysheep_little_box, serial_shops, shop,
          grunt_ministairs_4
D:11:     layout_basic, dpeg_oklobed_lair, uniq_amaemon, uniq_fannar
D:12:     cheibrodos_shockbox, layout_cave_pools, orc_0_dummy,
          nicolae_wooded_promenade
Temple:   hellmonk_temple_forest_ring

Skill      XL: |  1  2  3  4  5  6  7  8  9 10 11 12 |
---------------+-------------------------------------+-----
Fighting       | 2 3 4 6 7 8 |  8.0
Poison Magic   | 1 2 3 4 |  4.0
Transmutations | 3 4 5 7 9 |  9.2
Spellcasting   | 3 5 6 8 9 |  9.1
Ice Magic      | 1 3 4 |  4.0
Unarmed Combat | 4 8 10 | 10.7
Dodging        | 5 8 |  8.5

Action                   |  1- 3 |  4- 6 |  7- 9 | 10-12 || total
-------------------------+-------+-------+-------+-------++-------
Melee: Unarmed           |    85 |   174 |   240 |   621 ||  1120
       Constrict         |    25 |    15 |     5 |       ||    45
       Tentacles         |    15 |    10 |     9 |     2 ||    36
       Kick              |    11 |    12 |     1 |     1 ||    25
       Punch             |     3 |     2 |     2 |     1 ||     8
 Cast: Beastly Appendage |    13 |     9 |     1 |     1 ||    24
       Spider Form       |     2 |    21 |    10 |     2 ||    35
       Wereblood         |       |     2 |     3 |    12 ||    17
       Ice Form          |       |     1 |    19 |    71 ||    91
Invok: Curse Item        |       |       |     1 |     4 ||     5
Evoke: Wand              |       |       |     4 |       ||     4
  Use: Scroll            |       |     7 |     7 |     7 ||    21
       Potion            |       |     3 |     3 |    16 ||    22
 Stab: Sleeping          |     2 |     4 |     4 |       ||    10
       Invisible         |       |       |       |     6 ||     6
Armor: Skin              |    13 |     8 |    43 |   188 ||   252
Dodge: Dodged            |    60 |   124 |   187 |   520 ||   891

Table legend: (Time is in decaauts)
 A = Elapsed time spent in this place.
 B = Non-inter-level travel time spent in this place.
 C = Inter-level travel time spent in this place.
 D = Time resting spent in this place.
 E = Time spent auto-exploring this place.
 F = Levels seen in this place.
 G = Mean time per level.
                   A        B        C        D        E       F      G
               +--------+--------+--------+--------+--------+-----+--------+
         Total |  20396 |  19802 |    594 |   4248 |  12759 |  14 | 1456.9 |
       Dungeon |  19752 |  19188 |    564 |   4248 |  12388 |  12 | 1646.0 |
        Temple |    172 |    142 |     30 |      0 |    131 |   1 |  172.0 |
       Ossuary |    471 |    471 |      0 |      0 |    240 |   1 |  471.0 |
               +--------+--------+--------+--------+--------+-----+--------+

Top non-repeatable levels by time:
     D:8: 3044 daAuts
    D:11: 2676 daAuts
    D:10: 2407 daAuts
     D:1: 1898 daAuts
     D:7: 1822 daAuts
     D:9: 1709 daAuts
     D:4: 1512 daAuts
     D:3: 1264 daAuts
     D:6: 1256 daAuts
     D:5: 1033 daAuts
     D:2: 864 daAuts
 Ossuary: 471 daAuts
    D:12: 262 daAuts
  Temple: 172 daAuts
